 Dungeon Crawl Stone Soup version 0.27-a0-1193-g8631133539 (webtiles) character file.

Game seed: 13886143643486377746

60 Delamore the Skirmisher (level 4, -3/43 HPs)
             Began as a Gargoyle Fighter on May 25, 2021.
             Slain by a gnoll
             ... wielding a +0 flail
              (6 damage)
             ... on level 1 of the Dungeon.
             The game lasted 00:01:33 (1721 turns).

Delamore the Skirmisher (Gargoyle Fighter)          Turns: 1721, Time: 00:01:33

Health: -3/43      AC: 22    Str: 21    XL:     4   Next: 6%
Magic:  4/4        EV:  2    Int:  8    God:
Gold:   60         SH:  9    Dex:  9    Spells: 3/3 levels left

rFire    . . .     SeeInvis .   a - +0 flail
rCold    . . .     Faith    .   c - +0 kite shield
rNeg     + + +     Spirit   .   (armour currently unavailable)
rPois    ∞         Reflect  .   (helmet currently unavailable)
rElec    .         Harm     .   (cloak currently unavailable)
rCorr    .         Rampage  .   (gloves currently unavailable)
Will     .....     NoTele   +   (boots currently unavailable)
Stlth    +.........             (no amulet)
HPRegen  0.14/turn              (no ring)
MPRegen  0.09/turn              (no ring)

@: tree-form
A: stationary, stasis, torment immunity, boosted hp, sickness immunity, AC +3,
negative energy resistance 1, (electricity resistance), torment resistance 1,
petrification resistance
a: no special abilities


You were on level 1 of the Dungeon.
You were a tree.
You visited 1 branch of the dungeon, and saw 2 of its levels.

You collected 60 gold pieces.

Inventory:

Hand Weapons
 a - a +0 flail (weapon)
Armour
 b - a +0 scale mail (melded)
 c - a +0 kite shield (worn)
Jewellery
 h - a ring of positive energy
Scrolls
 i - a scroll of fear
 j - 2 scrolls of teleportation
 k - 2 scrolls of noise {unknown}
Potions
 d - a potion of might
 e - a potion of brilliance {unknown}
 f - a potion of flight
 g - a potion of lignification


   Skills:
 + Level 4.0 Fighting
 + Level 2.9 Maces & Flails
 - Level 3.2 Armour
 + Level 4.0 Shields


You had 3 spell levels left.
You didn't know any spells.
Your spell library contained the following spells:

 Spells                   Type           Power      Damage    Failure   Level
 Animate Skeleton         Necr           0%         N/A       87%         1
 Apportation              Tloc           0%         N/A       87%         1
 Corona                   Hex            0%         N/A       87%         1
 Summon Small Mammal      Summ           0%         N/A       87%         1


Dungeon Overview and Level Annotations

Branches:
Dungeon (2/15)

Altars:

Shops:
D:1 [


Innate Abilities, Weirdness & Mutations

You are a tree.
Your roots penetrate the ground, keeping you stationary.
You cannot be teleported.
You are immune to unholy pain and torment.
Your maximum health is greatly increased.
Your equipment is partially melded.
You are immune to sickness and miasma.
((Your stone body is resilient. (AC +3)))
You are immune to poison.
You resist negative energy. (rN+)
((You are resistant to electric shocks. (rElec)))
You are resistant to unholy torment.
You are immune to petrification.


Message History

You sock the gnoll!
You kill the gnoll!
Your Fighting skill increases to level 4!
Your Shields skill increases to level 4!
You hit the gnoll.
The gnoll is almost dead.
The gnoll closely misses you. You block the gnoll's attack.
You barely miss the gnoll.
The gnoll is almost dead.
The gnoll hits you with a +0 whip.
Your shield prevents you from hitting the gnoll.
The gnoll is almost dead.
You block the gnoll's attack. x2
You hit the gnoll but do no damage.
The gnoll is severely wounded.
The gnoll barely misses you.
You sock the gnoll!
You kill the gnoll!
The gnoll hits you with a +0 flail!
You have reached level 4!
You feel stronger. You block the gnoll's attack.
You climb upwards.
There is a stone staircase leading down here.
You hit the gnoll.
The gnoll is moderately wounded.
The gnoll hits you with a +0 flail!
* * * LOW HITPOINT WARNING * * *
You hit the gnoll but do no damage.
The gnoll is moderately wounded.
The gnoll barely misses you. The gnoll hits you but does no damage.
Your scale mail prevents you from hitting the gnoll.
The gnoll is moderately wounded.
The gnoll hits you with a +0 flail.
* * * LOW HITPOINT WARNING * * *
Really quaff the potion of lignification?
You turn into a tree.
Your +0 scale mail melds into your body.
Your roots penetrate the ground.
The gnoll hits you with a +0 flail.
You die...

#.# #..... ############# #.#
#.###.
######...........###.###.#...
#..^.............#...........
#................#...........
#................#...........
#................#.......÷...
#...##.##..g.....#.....).....
#...##.##...♣................
#...##.##........##...#####..
#####...##...........###.....##..
#............................##..
#.###...##.......................
#.# #...##.....#.....(........#..
#.# #..............###'###....#..
#.# #.##.#.##.##...#PPPPP#...##..
#.# ###..#..###....#PPPP.#.......


You could see a gnoll.

Vanquished Creatures
  2 gnolls (D:2)
  A dart slug (D:1)
  4 ball pythons
  5 bats (D:1)
  5 endoplasms
  3 giant cockroaches (D:1)
  2 goblins (D:1)
  2 hobgoblins (D:1)
  4 jackals
  2 kobolds (D:1)
  2 quokkas
  A frilled lizard (D:1)
  3 rats (D:1)
36 creatures vanquished.

Notes
Turn   | Place    | Note
-------+----------+-------------------------------------------
     0 | D:1      | Delamore the Gargoyle Fighter began the quest for the Orb.
     0 | D:1      | Reached XP level 1. HP: 14/14 MP: 1/1
    98 | D:1      | Reached XP level 2. HP: 3/19 MP: 2/2
   639 | D:1      | Found Inammoil's Antique Armour Shop.
   904 | D:1      | Reached XP level 3. HP: 13/24 MP: 3/3
  1162 | D:1      | Found a faded altar of an unknown god.
  1716 | D:2      | Reached XP level 4. HP: 11/29 MP: 4/4
  1721 | D:1      | Slain by a gnoll

Illustrated notes

Levels and vault maps discovered:
D:1:      lightli_arrival_statue_moat, layout_basic, serial_shops,
          shop_fountains, shapermc_ecumenical_altar_flowoftime,
          kennysheep_doodads, interstate_on_off
D:2:      layout_loops_corners, minmay_surrounded

Skill      XL: |  1  2  3 |
---------------+----------+-----
Fighting       | 4 |  4.0
Shields        | 4 |  4.0
Maces & Flails | |  2.9
Armour         | |  3.2

Action                   |  1- 3 |  4- 6 || total
-------------------------+-------+-------++-------
Melee: Flail             |   128 |     3 ||   131
  Use: Scroll            |     4 |       ||     4
       Potion            |       |     1 ||     1
Armor: Scale mail        |    84 |     1 ||    85
Dodge: Dodged            |    58 |     1 ||    59
Block: Kite shield       |    95 |     1 ||    96

Table legend: (Time is in decaauts)
 A = Elapsed time spent in this place.
 B = Non-inter-level travel time spent in this place.
 C = Inter-level travel time spent in this place.
 D = Time resting spent in this place.
 E = Time spent auto-exploring this place.
 F = Levels seen in this place.
 G = Mean time per level.
                   A        B        C        D        E       F      G
               +--------+--------+--------+--------+--------+-----+--------+
         Total |   1788 |   1740 |     48 |    387 |   1035 |   2 |  894.0 |
       Dungeon |   1788 |   1740 |     48 |    387 |   1035 |   2 |  894.0 |
               +--------+--------+--------+--------+--------+-----+--------+

Top non-repeatable levels by time:
     D:1: 1504 daAuts
     D:2: 283 daAuts
